 Dungeon Crawl Stone Soup version 0.28-a0-991-g956f0ee3d5 (webtiles) character file.

Game seed: 6525736921416393115

67 voltaire321 the Conjurer (level 4, -3/28 HPs)
             Began as an Octopode Conjurer on Dec 4, 2021.
             Slain by a gnoll (9 damage)
             ... on level 1 of the Dungeon on Dec 5, 2021.
             The game lasted 00:06:31 (1762 turns).

voltaire321 the Conjurer (Octopode Conjurer)        Turns: 1762, Time: 00:06:32

Health: -3/28      AC:  1    Str:  6    XL:     4   Next: 16%
Magic:  7/7        EV: 13    Int: 20    God:
Gold:   29         SH:  0    Dex: 12    Spells: 4/7 levels left

rFire   . . .      SeeInvis .   c - +0 dagger
rCold   . . .      Faith    .   (no shield)
rNeg    . . .      Spirit   .   (helmet restricted)
rPois   .          Reflect  .   (no amulet)
rElec   .          Harm     .   (no ring)
rCorr   .          Rampage  .   (no ring)
Will    .....                   (no ring)
Stlth   +++.......              (no ring)
HPRegen 0.09/turn               (no ring)
MPRegen 0.10/turn               (no ring)
                                (no ring)
                                (no ring)

@: no status effects
A: almost no armour, amphibious, 8 rings, camouflage 1, gelatinous body 1,
(nimble swimmer 1), tentacles
a: no special abilities


You were on level 1 of the Dungeon.
You visited 1 branch of the dungeon, and saw 2 of its levels.

You collected 29 gold pieces.

Inventory:

Hand Weapons
 c - a +0 dagger (weapon)
Scrolls
 h - a scroll of identify {unknown}
 i - a scroll of blinking {unknown}
 j - a scroll of teleportation {unknown}
Potions
 a - 3 potions of curing {unknown}
 b - 3 potions of mutation {unknown}
 d - a potion of degeneration {unknown}
 e - a potion of flight {unknown}
 f - a potion of haste {unknown}
 g - a potion of invisibility {unknown}


   Skills:
 + Level 1.4 Fighting
 + Level 2.5 Dodging
 - Level 2.6 Stealth
 + Level 1.3 Unarmed Combat
 + Level 2.4 Spellcasting
 + Level 4.3 Conjurations


You had 4 spell levels left.
You knew the following spells:

 Your Spells              Type           Power      Damage    Failure   Level
a - Magic Dart            Conj           76%        1d6       2%          1
b - Searing Ray           Conj           38%        2d5       3%          2

Your spell library contained the following spells:

 Spells                   Type           Power      Damage    Failure   Level
 Static Discharge         Conj/Air       11%        N/A       10%         2
 Dazzling Flash           Conj/Hex       22%        N/A       19%         3
 Fulminant Prism          Conj/Hex       5%         3d7       52%         4
 Iskenderun's Mystic Bla  Conj/Tloc      11%        2d4       52%         4
 Lightning Bolt           Conj/Air       5%         1d17      86%         5
 Maxwell's Capacitive Co  Air            1%         ∞         100%        8


Dungeon Overview and Level Annotations

Branches:
Dungeon (2/15)

Altars:


Innate Abilities, Weirdness & Mutations

You cannot wear most types of armour.
You are amphibious.
You can wear up to eight rings at the same time.
Your skin changes colour to match your surroundings (Stealth+).
Your rubbery body absorbs attacks. (AC +1, EV +1)
((You are camouflaged near water. (Stealth+)))
You have tentacles for arms and can constrict up to eight enemies at once.


Message History

The gnoll is moderately wounded.
You constrict the gnoll, but do no damage.
The gnoll hits you with a +0 flail!
You release your grip on the gnoll.
A giant cockroach comes into view.
The gnoll hits you with a +0 flail!
* * * LOW HITPOINT WARNING * * *
Okay, then.
There is a stone staircase leading up here.
The giant cockroach misses you. The gnoll completely misses you.
You climb upwards.
There is a stone staircase leading down here.
The giant cockroach bites you but does no damage.
The giant cockroach barely misses you. The giant cockroach misses you.
The giant cockroach bites you but does no damage.
The giant cockroach misses you.
The giant cockroach bites you but does no damage.
The giant cockroach closely misses you.
The giant cockroach bites you but does no damage.
The giant cockroach bites you.
* * * LOW HITPOINT WARNING * * *
The giant cockroach bites you.
* * * LOW HITPOINT WARNING * * *
You hit the giant cockroach but do no damage.
You grab the giant cockroach. You squeeze the giant cockroach.
The giant cockroach is severely wounded.
You constrict the giant cockroach, but do no damage.
The giant cockroach closely misses you.
You hit the giant cockroach but do no damage.
The giant cockroach is severely wounded.
You constrict the giant cockroach. The giant cockroach bites you.
* * * LOW HITPOINT WARNING * * *
You hit the giant cockroach but do no damage.
You squeeze the giant cockroach.
You kill the giant cockroach!
You hit the gnoll but do no damage. You grab the gnoll. You squeeze the gnoll.
The gnoll is moderately wounded.
You constrict the gnoll. The gnoll hits you with a +0 flail!
You die...

#.# #....# ##.##### #.####
.......# #.# .......###########
#.# .......##........##########.#
.......##............#......#
.......##........#####.######
.......#.............#÷#
.......#......##@..#.#.#
...#####......#gPP...#.#
########.........♣♣♣.#.##########
......##.......(♣♣PPP.....>.....#
......##......#PPPP..#.#######.##
......##......#..P...#.# ####.#
......#####.#.########.# #....#
.....######.#..........# #.####
.....# #..........###### #.#


You could see a gnoll.

Vanquished Creatures
  A gnoll (D:2)
  An adder (D:2)
  A dart slug (D:1)
  An endoplasm (D:1)
  2 giant cockroaches (D:1)
  A goblin (D:1)
  3 hobgoblins
  4 kobolds
  2 quokkas
  3 ball pythons
  6 bats
  5 frilled lizards
  22 rats
52 creatures vanquished.

Notes
Turn   | Place    | Note
-------+----------+-------------------------------------------
     0 | D:1      | voltaire321 the Octopode Conjurer began the quest for the
                  | Orb.
     0 | D:1      | Reached XP level 1. HP: 11/11 MP: 3/3
   225 | D:1      | Reached XP level 2. HP: 18/18 MP: 3/5
  1028 | D:2      | Learned a level 2 spell: Searing Ray
  1081 | D:2      | Reached XP level 3. HP: 22/22 MP: 4/6
  1202 | D:2      | Reached skill level 1 in Fighting
  1285 | D:2      | Reached skill level 1 in Unarmed Combat
  1647 | D:2      | Reached XP level 4. HP: 28/28 MP: 1/7
  1762 | D:1      | Slain by a gnoll

Illustrated notes

Levels and vault maps discovered:
D:1:      dpeg_arrival_tiny_g, layout_basic, serial_forest,
          infiniplex_forest_straight_5, infiniplex_forest_lined_2,
          infiniplex_forest_clump_small, infiniplex_forest_diagonal,
          infiniplex_forest_straight_4, infiniplex_forest_lined_2,
          infiniplex_forest_clump_small, minmay_3d_cube
D:2:      layout_loops_cross, minmay_rat_hole

Skill      XL: |  1  2  3 |
---------------+----------+-----
Fighting       | 1 |  1.4
Unarmed Combat | 1 |  1.3
Dodging        | |  2.5
Stealth        | |  2.6
Spellcasting   | |  2.4
Conjurations   | |  4.3

Action                   |  1- 3 |  4- 6 || total
-------------------------+-------+-------++-------
Melee: Unarmed           |     6 |       ||     6
       Constrict         |    16 |     3 ||    19
       Tentacles         |    11 |     3 ||    14
       Dagger            |    50 |     8 ||    58
 Cast: Magic Dart        |    45 |     1 ||    46
 Stab: Sleeping          |     1 |       ||     1
Armor: Skin              |     4 |     4 ||     8
Dodge: Dodged            |    33 |     9 ||    42

Table legend: (Time is in decaauts)
 A = Elapsed time spent in this place.
 B = Non-inter-level travel time spent in this place.
 C = Inter-level travel time spent in this place.
 D = Time resting spent in this place.
 E = Time spent auto-exploring this place.
 F = Levels seen in this place.
 G = Mean time per level.
                   A        B        C        D        E       F      G
               +--------+--------+--------+--------+--------+-----+--------+
         Total |   1761 |   1761 |      0 |    117 |   1219 |   2 |  880.5 |
       Dungeon |   1761 |   1761 |      0 |    117 |   1219 |   2 |  880.5 |
               +--------+--------+--------+--------+--------+-----+--------+

Top non-repeatable levels by time:
     D:1: 1074 daAuts
     D:2: 687 daAuts
